Map: Para Site LE

Players

Cliggity

  • Race: Protoss Protoss
  • League: Platinum
  • Spawn Location: 11:00

Gokuma - Winner!

  • Race: Protoss Protoss
  • League: Diamond
  • Spawn Location: 5:00

VOD

Have the link to the VOD?

Description

Time

  • Played on: Nov. 17, 2018, 10:07 p.m.
  • Length: 12:38
Show
View Real Time Build Order
Export as new Build Order

Cliggity Protoss 

Build Orders:  

Get SALT Encoding   

  12  0:00  Probe  
  13  0:13  Probe  
  14  0:19  Pylon  
  14  0:25  Probe  
  15  0:37  Assimilator, Probe  
  16  0:43  Gateway  
  16  0:49  Probe (Chrono Boost)  
  17  1:01  Probe (Chrono Boost)  
  18  1:04  Assimilator  
  18  1:08  Gateway, Probe (Chrono Boost)  
  19  1:18  Probe  
  19  1:22  Pylon  
  20  1:38  Cybernetics Core  
  20  1:40  Probe (Chrono Boost)  
  21  1:52  Probe (Chrono Boost)  
  22  1:58  Probe (Chrono Boost)  
  23  2:06  Probe  
  24  2:14  Warp Gate  
  24  2:15  Stalker x2  
  28  2:26  Probe  
  29  2:35  Pylon  
  29  2:38  Probe  
  30  2:44  Robotics Facility  
  29  3:06  Nexus  
  29  3:08  Pylon  
  29  3:15  Stalker  
  29  3:17  Sentry  
  33  3:22  Pylon  
  33  3:36  Immortal  
  33  3:39  Probe  
  38  3:56  Probe  
  38  4:00  Gateway  
  39  4:08  Probe (Chrono Boost)  
  40  4:14  Twilight Council  
  40  4:18  Probe (Chrono Boost)  
  40  4:20  Probe (Chrono Boost)  
  40  4:23  Observer  
  43  4:28  Probe (Chrono Boost)  
  43  4:30  Shield Battery, Probe (Chrono Boost)  
  45  4:33  Probe (Chrono Boost)  
  45  4:38  Probe (Chrono Boost)  
  46  4:45  Probe (Chrono Boost)  
  48  4:50  Pylon, Probe (Chrono Boost)  
  49  4:55  Warp Prism  
  49  4:56  Probe (Chrono Boost)  
  49  4:58  Probe (Chrono Boost)  
  53  5:01  Probe (Chrono Boost)  
  53  5:04  Assimilator, Probe  
  55  5:07  Assimilator  
  55  5:11  Probe  
  55  5:13  Charge  
  56  5:21  Forge  
  56  5:26  Probe x2  
  58  5:33  Stalker  
  60  5:38  Probe x2  
  60  5:40  Immortal  
  66  6:13  Nexus  
  66  6:14  Stalker x2  
  66  6:15  Assimilator  
  70  6:19  Assimilator  
  70  6:21  Probe x2  
  72  6:27  Pylon  
  72  6:28  Pylon  
  72  6:39  Protoss Ground Weapons Level 1 (Chrono Boost)  
  72  6:45  Templar Archives  
  72  6:51  Gateway  
  72  6:53  Pylon x2, Forge  
  72  6:55  Pylon, Probe x2  
  73  7:02  Zealot  
  73  7:07  Probe  
  73  7:08  Probe  
  77  7:09  Pylon  
  77  7:11  Zealot x2  
  81  7:20  Protoss Ground Armor Level 1 (Chrono Boost)  
  81  7:35  Gateway x2  
  81  7:41  Probe (Chrono Boost)  
  81  7:42  Probe x2 (Chrono Boost)  
  84  7:47  Zealot x2  
  84  7:48  Zealot  
  93  7:51  Probe x3 (Chrono Boost)  
  93  8:00  Immortal  
  87  8:15  Gateway  
  87  8:16  Gateway  
  87  8:22  High Templar x4, Shield Battery  
  87  8:23  Shield Battery  
  87  8:25  Shield Battery  
  87  8:26  Protoss Ground Weapons Level 2 (Chrono Boost)  
  95  8:27  Shield Battery  
  95  8:30  Archon x2  
  95  8:39  Immortal  
  99  8:44  Zealot x2  
  103  8:56  High Templar x4  
  107  9:04  Robotics Facility  
  107  9:08  Protoss Ground Armor Level 2 (Chrono Boost)  
  107  9:14  High Templar x2  
  111  9:28  Immortal, Gateway  
  115  9:32  Archon  
  115  9:33  Archon  
  115  9:34  Archon  
  115  9:44  Nexus  
  115  9:48  Assimilator  
  115  9:52  Assimilator  
  115  9:55  Pylon  
  115  9:57  Pylon  
  97  10:00  Zealot x2  
  97  10:01  Zealot x5  
  97  10:03  Immortal (Chrono Boost)  
  97  10:04  Immortal (Chrono Boost)  
  93  10:25  Zealot x6  
  93  10:26  Zealot  
  97  10:35  Zealot  
  81  10:36  Immortal  
  69  10:47  Zealot  
  69  10:48  High Templar x4, Zealot  
  62  10:55  Archon x2  
  38  11:17  Probe  
  38  11:18  Probe  
  40  11:29  Probe  
  41  11:41  Probe  
  41  11:45  High Templar  
  44  11:53  Probe  
  45  12:14  Probe (Chrono Boost)  
  47  12:19  Probe (Chrono Boost)  
  52  12:23  Probe (Chrono Boost)  
  52  12:27  Probe (Chrono Boost)  
Show
View Real Time Build Order
Export as new Build Order

Gokuma Protoss - Winner!

Build Orders: Zealot Archon 

Get SALT Encoding   

  12  0:00  Probe (Chrono Boost)  
  13  0:10  Probe (Chrono Boost)  
  14  0:15  Probe (Chrono Boost)  
  15  0:23  Pylon  
  15  0:41  Probe  
  16  0:45  Gateway  
  16  0:52  Assimilator  
  16  0:54  Probe (Chrono Boost)  
  17  1:06  Probe (Chrono Boost)  
  18  1:13  Probe (Chrono Boost)  
  18  1:14  Gateway  
  19  1:19  Assimilator  
  19  1:21  Pylon  
  19  1:22  Probe  
  20  1:33  Cybernetics Core  
  20  1:36  Probe  
  21  1:48  Probe  
  22  2:00  Probe  
  23  2:13  Stalker  
  23  2:14  Stalker  
  27  2:16  Warp Gate  
  27  2:24  Probe  
  28  2:34  Nexus  
  29  2:37  Probe  
  29  2:57  Robotics Facility  
  28  3:06  Probe  
  28  3:08  Pylon  
  28  3:12  Stalker  
  31  3:26  Stalker, Probe  
  34  3:38  Pylon, Probe  
  35  3:45  Observer  
  36  3:51  Probe (Chrono Boost)  
  36  3:52  Assimilator  
  37  3:58  Probe (Chrono Boost)  
  37  4:02  Probe (Chrono Boost)  
  39  4:06  Probe (Chrono Boost)  
  39  4:08  Probe (Chrono Boost)  
  41  4:11  Forge, Probe (Chrono Boost)  
  42  4:18  Probe, Gateway  
  42  4:19  Shield Battery  
  42  4:23  Probe  
  44  4:29  Immortal  
  48  4:33  Probe  
  48  4:35  Probe  
  48  4:37  Protoss Ground Weapons Level 1 (Chrono Boost)  
  50  4:46  Probe  
  50  4:47  Probe  
  50  4:51  Pylon  
  52  4:54  Assimilator  
  52  4:58  Probe  
  52  4:59  Probe  
  54  5:10  Probe  
  54  5:11  Probe  
  56  5:16  Twilight Council  
  56  5:20  Pylon  
  56  5:25  Gateway  
  56  5:28  Gateway  
  56  5:29  Probe  
  56  5:30  Probe  
  56  5:33  Shield Battery  
  58  5:41  Probe  
  58  5:42  Probe  
  60  5:49  Immortal (Chrono Boost)  
  64  5:51  Zealot  
  64  5:52  Zealot x2  
  70  6:10  Probe x2  
  72  6:13  Charge  
  72  6:14  Protoss Ground Weapons Level 2 (Chrono Boost)  
  72  6:20  Observer (Chrono Boost)  
  72  6:21  Templar Archives  
  72  6:22  Pylon  
  72  6:24  Probe  
  74  6:27  Pylon  
  74  6:33  Probe  
  75  6:40  Immortal  
  79  6:50  Nexus  
  79  6:52  Pylon, Observer  
  79  6:59  Zealot  
  79  7:00  Zealot  
  79  7:01  High Templar x2, Zealot  
  87  7:02  Probe  
  87  7:03  Probe  
  91  7:10  Gateway x2  
  91  7:14  Gateway  
  91  7:21  Immortal  
  95  7:29  Probe x2  
  97  7:30  Forge  
  97  7:31  High Templar x2  
  97  7:33  Archon  
  101  7:39  Pylon  
  101  7:41  Pylon  
  101  7:43  Pylon  
  101  7:53  Archon  
  101  8:02  Warp Prism (Chrono Boost)  
  102  8:18  Zealot  
  102  8:19  Zealot  
  106  8:20  High Templar x2  
  106  8:21  High Templar x3  
  106  8:22  High Templar  
  106  8:24  Archon, Assimilator  
  106  8:25  Archon  
  106  8:26  Archon  
  118  8:27  Assimilator  
  118  8:28  Protoss Ground Weapons Level 3 (Chrono Boost)  
  118  8:30  Pylon  
  118  8:33  Gateway  
  118  8:34  Pylon, Gateway  
  118  8:35  Protoss Ground Armor Level 1 (Chrono Boost)  
  115  8:55  Stalker  
  115  8:57  Stalker  
  115  8:59  Stalker  
  115  9:01  Stalker  
  123  9:14  Stalker x2  
  127  9:40  Zealot x5  
  127  9:41  Zealot x2  
  137  9:58  Zealot x2  
  137  9:59  Zealot  
  107  10:18  Protoss Ground Armor Level 2 (Chrono Boost)  
  103  10:25  Zealot x3  
  103  10:26  Zealot x6  
  103  10:27  Zealot  
  111  10:40  Immortal  
  109  10:46  Gateway  
  109  10:48  Gateway  
  109  10:49  Gateway  
  105  10:51  Probe x3  
  105  10:52  Gateway  
  105  10:55  Zealot x2  
  105  10:56  Zealot x3  
  116  10:57  High Templar x3  
  116  10:58  High Templar  
  116  11:01  Archon x2  
  116  11:03  Probe  
  125  11:14  Robotics Facility  
  125  11:15  Robotics Facility  
  125  11:21  Probe x2  
  125  11:22  Probe  
  128  11:35  Probe (Chrono Boost)  
  128  11:36  Probe (Chrono Boost)  
  128  11:37  Probe (Chrono Boost)  
  131  11:45  Probe x2 (Chrono Boost)  
  131  11:46  Probe (Chrono Boost)  
  134  11:52  Nexus  
  134  11:54  Pylon  
  134  11:58  High Templar x3  
  140  12:11  Pylon  
  140  12:13  Pylon  
  140  12:14  High Templar  
  140  12:15  Pylon, Archon  
  142  12:18  Archon  
Tags
 
Composition
Zealot Archon
Matchup
PvP
Spawn Locations
Cross Positions
Add a new tag
Caveats
  • Supply blocks, unpowered buildings, or Contaminate may cause inaccurate times.
  • Supply counts are checked every 10 seconds.